 Dungeon Crawl Stone Soup version 0.29.1-14-g9c671dbff4 (webtiles) character file.

Game seed: 2552474351019585533

416 sankara the Chopper (level 6, -4/56 HPs)
             Began as a Hill Orc Fighter on Feb 12, 2023.
             Killed from afar by Blork the orc (8 damage)
             ... with a puff of flame
             ... on level 4 of the Dungeon.
             The game lasted 00:05:45 (3243 turns).

sankara the Chopper (Hill Orc Fighter)              Turns: 3243, Time: 00:05:45

Health: -4/56      AC:  9    Str: 19    XL:     6   Next: 92%
Magic:  6/6        EV:  9    Int:  8    God:
Gold:   139        SH:  5    Dex: 12    Spells: 5/5 levels left

rFire   . . .      SeeInvis .   a - +0 war axe
rCold   . . .      Faith    .   c - +0 buckler
rNeg    . . .      Spirit   .   l - +0 scale mail
rPois   .          Reflect  .   (no helmet)
rElec   .          Harm     .   m - +0 cloak
rCorr   +          Rampage  .   (no gloves)
Will    +....                   z - +0 pair of boots
Stlth   ..........              (no amulet)
HPRegen 0.18/turn               y - ring of resist corrosion
MPRegen 0.10/turn               A - ring of willpower

@: mighty
A: no striking features
a: no special abilities


You were on level 4 of the Dungeon.
You visited 1 branch of the dungeon, and saw 4 of its levels.

You collected 139 gold pieces.

Inventory:

Hand Weapons
 a - a +0 war axe (weapon)
 b - the +1 sling "Titref" {freeze, rCorr Int+3}
   (You found it on level 2 of the Dungeon)

   Any ammunition fired from it freezes those it strikes, dealing additional
   cold damage.
   It can also slow down cold-blooded creatures.
   Int:       It affects your intelligence (+3).
   rCorr:     It protects you from acid and corrosion.
Missiles
 p - 5 atropa-tipped darts (quivered)
Armour
 c - a +0 buckler (worn)
 k - a scarf of shadows
 l - a +0 scale mail (worn)
 m - a +0 cloak (worn)
 z - a +0 pair of boots (worn)
Jewellery
 y - a ring of resist corrosion (left hand)
 A - a ring of willpower (right hand)
Wands
 B - a wand of acid (7)
Scrolls
 e - a scroll of enchant weapon {unknown}
 f - 4 scrolls of identify {unknown}
 h - 3 scrolls of immolation {unknown}
 i - a scroll of amnesia {unknown}
 n - a scroll of enchant armour {unknown}
 q - a scroll of magic mapping {unknown}
 r - a scroll of fog {unknown}
 t - a scroll of blinking {unknown}
 u - a scroll of teleportation {unknown}
 v - a scroll of vulnerability {unknown}
Potions
 g - 2 potions of curing
 j - 2 potions of mutation {unknown}
 o - 2 potions of lignification {unknown}
 s - a potion of flight {unknown}
 w - 3 potions of attraction {unknown}
 x - a potion of invisibility {unknown}
 C - a potion of heal wounds {unknown}


   Skills:
 + Level 5.1 Fighting
 * Level 6.3 Axes
 + Level 4.6 Armour
 + Level 4.7 Shields


You had 5 spell levels left.
You didn't know any spells.
Your spell library contained the following spells:

 Spells                   Type           Power      Damage    Failure   Level
 Confusing Touch          Hex            0%         N/A       99%         3
 Yara's Violent Unravell  Hex/Tmut       0%         3d3       100%        5
 Enfeeble                 Hex            0%         N/A       100%        7


Dungeon Overview and Level Annotations

Branches:
Dungeon (4/15)
 Temple: D:4-7

Altars:

Annotations:
D:4 Blork the orc


Message History

Grinder is severely wounded.
You slash the white imp!
You kill the white imp!
You block Grinder's attack.
Blork the orc hits you with a +0 battleaxe!
* * * LOW HITPOINT WARNING * * *
Grinder hits you but does no damage.
You slice Grinder!!
You kill Grinder!
You barely miss Blork the orc.
Blork the orc hits you with a +0 battleaxe!
* * * LOW HITPOINT WARNING * * *
Your Fighting skill increases to level 5!
Your Axes skill increases to level 6!
You have reached level 6!
You slash Blork the orc!
Blork the orc is moderately wounded.
Blork the orc screams, "I'm much stronger than you!"
You block Blork the orc's attack. Blork the orc closely misses you.
Unknown command.
You slash Blork the orc!
Blork the orc is almost dead.
Blork the orc closely misses you. Blork the orc barely misses you.
Unknown command.
You closely miss Blork the orc.
Blork the orc is almost dead.
Blork the orc closely misses you.
Blork the orc hits you with a +0 battleaxe.
* * * LOW HITPOINT WARNING * * *
Unknown command.
You hit Blork the orc.
Blork the orc is almost dead.
Blork the orc miscasts a cantrip.
A giant cockroach comes into view.
Blork the orc barely misses you.
You closely miss Blork the orc.
Blork the orc is almost dead.
Blork the orc gestures at you while chanting.
The puff of flame hits you!
You die...

........#
....##..#
.. #..# #
#..# #.
#..#
#..#.##..#
#.......##
##.#.##.##
#..o@.#
####[.#
#..# ...#
##.# B# .#
.#


You could see Blork the orc (fast) and a giant cockroach.

Vanquished Creatures
  Grinder (D:4)
  2 orc priests
  2 gnolls (D:1)
  5 adders
  A white imp (D:4)
  A worm (D:3)
  A dart slug (D:4)
  4 orcs
  5 ball pythons
  5 bats
  6 endoplasms
  3 giant cockroaches
  8 goblins
  6 hobgoblins
  7 jackals
  5 kobolds
  7 quokkas
  4 frilled lizards
  8 rats
  A toadstool (D:1)
82 creatures vanquished.

Vanquished Creatures (others)
  3 toadstools (D:1)
3 creatures vanquished.

Grand Total: 85 creatures vanquished

Notes
Turn   | Place    | Note
-------+----------+-------------------------------------------
     0 | D:1      | sankara the Hill Orc Fighter began the quest for the Orb.
     0 | D:1      | Reached XP level 1. HP: 19/19 MP: 1/1
   165 | D:1      | Reached skill level 3 in Axes
   168 | D:1      | Reached XP level 2. HP: 19/27 MP: 2/2
   412 | D:1      | Reached XP level 3. HP: 16/33 MP: 3/3
   883 | D:1      | Found a faded altar of an unknown god.
   889 | D:1      | Reached skill level 4 in Axes
   893 | D:1      | Reached XP level 4. HP: 39/40 MP: 4/4
  1306 | D:2      | Identified the +1 sling "Titref" {freeze, rCorr Int+3}
  2266 | D:3      | Reached XP level 5. HP: 39/47 MP: 5/5
  2281 | D:2      | Reached skill level 5 in Axes
  3220 | D:4      | Noticed Grinder
  3226 | D:4      | Noticed Blork the orc
  3238 | D:4      | Killed Grinder
  3239 | D:4      | Reached skill level 5 in Fighting
  3239 | D:4      | Reached skill level 6 in Axes
  3239 | D:4      | Reached XP level 6. HP: 8/56 MP: 6/6
  3243 | D:4      | Killed from afar by Blork the orc

Illustrated notes

Levels and vault maps discovered:
D:1:      ldierk_water_garden, layout_basic, ebering_ecumenical_altar_box,
          minmay_unequal
D:2:      minmay_angry_zag, layout_loops_corners, minmay_liquid_box,
          chequers_serial_rivers_micro_c, solitary_fountain, minmay_bisected
D:3:      layout_rooms
D:4:      layout_loops_ring, serial_glass, glass_columns_a, glass_columns_a,
          uniq_grinder, uniq_natasha, uniq_blork_the_orc

Skill      XL: |  1  2  3  4  5 |
---------------+----------------+-----
Axes           | 3 4 6 |  6.3
Fighting       | 4 5 |  5.1
Shields        | 4 |  4.7
Armour         | 4 |  4.6

Action                   |  1- 3 |  4- 6 || total
-------------------------+-------+-------++-------
Melee: War axe           |    74 |   142 ||   216
  Use: Potion            |       |     2 ||     2
Armor: Scale mail        |    56 |    64 ||   120
Dodge: Dodged            |    51 |    84 ||   135
Block: Buckler           |    12 |    37 ||    49
